AoeStats
← luca_n.n

Oasis

509529393Analyzed
2v2 RM · 6d ago on Sep 27, 2026· 26m 59s· 4 players
Game mode
Random Map
Map size
Medium (4 player)
Population
200
Speed
Normal
Resources
Standard
Victory
Conquest
Starting age
Dark Age
Ending age
Imperial Age
RankedLock teamsTeams togetherTeam positionsShared explorationLock speedFull tech treeHidden civsTurbo modeCheats
Victory
Defeat
🇨🇱 Romans · Chile
820
+14
🇨🇱 Mapuche · Chile
712
+18
🇦🇷 Teutons · Argentina
899
-69
🇦🇷 Bulgarians · Argentina
622
-10
ale90
8:06 Loom
15:14 Feudal Age
15:42 Town Watch
17:10 Wheelbarrow
16:18 Horse Collar
18:32 Scale Mail Armor
18:44 Forging
18:27 Arson
luca_n.n
3:37 Loom
12:29 Feudal Age
17:29 Man-at-Arms
vicentejoaquin97
2:47 Loom
12:21 Feudal Age
19:17 Feudal Age
20:34 Town Watch
24:25 Castle Age
✟ L¥N V ✟
8:05 Loom
Connection lost

Rejoining the realm…

Still unreachable

The connection could not be restored.

Session expired

The server has moved on; the page needs a fresh start.